 Dungeon Crawl Stone Soup version 0.26-a0-667-g92642533e4 (webtiles) character file.

Game seed: 10254776823702765233

700 lunkers the Chopper (level 7, -1/50 HPs)
             Began as an Octopode Fighter on Oct 16, 2020.
             Was an Initiate of Gozag.
             Slain by a wight
             ... wielding a +3 flail
              (13 damage)
             ... on level 4 of the Dungeon.
             The game lasted 00:07:04 (4285 turns).

lunkers the Chopper (Octopode Fighter)              Turns: 4285, Time: 00:07:04

Health: -1/50      AC:  1    Str: 16    XL:     7   Next: 65%
Magic:  16/16      EV: 11    Int: 12    God:    Gozag
Gold:   497        SH:  9    Dex: 11    Spells: 6/6 levels left

rFire    . . .     SeeInvis .   a - +2 broad axe (flame)
rCold    . . .     Faith    .   b - +0 kite shield
rNeg     . . .     Spirit   .   (helmet restricted)
rPois    .         Reflect  .   o - amulet of regeneration
rElec    .         Harm     .   d - ring of magical power
rCorr    .         Rampage  .   (no ring)
MR       .....                  (no ring)
Stlth    ++........             (no ring)
HPRegen  0.56/turn              (no ring)
MPRegen  0.15/turn              (no ring)
                                (no ring)
                                (no ring)

@: gold aura, drained
A: almost no armour, stealthy swim, amphibious, 8 rings, constrict 8, camouflage
1, gelatinous body 1
a: Potion Petition, Call Merchant, Bribe Branch, Renounce Religion


You were on level 4 of the Dungeon.
You worshipped Gozag.
Gozag was aware of your devotion.
You visited 1 branch of the dungeon, and saw 5 of its levels.
You also visited: Sewer.

You collected 705 gold pieces.
You spent 175 gold pieces at shops.
You paid 33 gold pieces to Gozag.

Inventory:

Hand Weapons
 a - a +2 broad axe of flaming (weapon)
 x - a +0 war axe
Armour
 b - a +0 kite shield (worn)
Jewellery
 d - a ring of magical power (left tentacle)
 o - an amulet of regeneration (around mantle)
 A - an uncursed ring of flight {unknown}
Wands
 t - a wand of iceblast (11)
 v - a wand of polymorph (12)
 y - a wand of paralysis (11)
Scrolls
 f - a scroll of teleportation {unknown}
 g - 2 scrolls of identify
 i - 2 scrolls of fear
 j - a scroll of enchant armour {unknown}
 l - 3 scrolls of remove curse
 m - 2 scrolls of blinking {unknown}
 r - a scroll of fog {unknown}
Potions
 c - 2 potions of might
 e - a potion of resistance {unknown}
 h - a potion of stabbing {unknown}
 k - 2 potions of lignification
 n - 4 potions of heal wounds {unknown}
 p - a potion of berserk rage {unknown}
 q - 2 potions of mutation {unknown}
 s - 2 potions of flight {unknown}
 u - 2 potions of haste {unknown}
 w - a potion of curing {unknown}
 z - a potion of brilliance {unknown}


   Skills:
 + Level 5.0(4.0) Fighting
 * Level 6.1(5.0) Axes
 - Level 3.0(2.0) Dodging
 + Level 5.0(4.0) Shields


You had 6 spell levels left.
You didn't know any spells.
Your spell library was empty.

Dungeon Overview and Level Annotations

Branches:
Dungeon (5/15)              Sewer (visited)
 Temple: D:4-7

Altars:
Elyvilon
Gozag
Okawaru
Sif Muna
Zin

Shops:
D:4 (


Innate Abilities, Weirdness & Mutations

You cannot wear most types of armour.
You are very stealthy in the water. (Stealth+)
You are amphibious.
You can wear up to eight rings at the same time.
You can use your tentacles to constrict eight enemies at once.
Your skin changes colour to match your surroundings (Stealth+).
Your rubbery body absorbs attacks. (AC +1, EV +1)


Message History

* * * LOW HITPOINT WARNING * * *
The wight hits you with a +3 flail!
* * * LOW HITPOINT WARNING * * *
The wight hits you with a cursed +3 short sword!
* * * LOW HITPOINT WARNING * * *
You feel drained.
* * * LOW HITPOINT WARNING * * *
Unknown command.
Unknown command.
Unknown command.
Unknown command.
There is a stone staircase leading up here.
You block the wight's attack.
You climb upwards.
There is a stone staircase leading down here.
You closely miss the wight. Your grab misses the wight.
The wight is severely damaged.
The wight hits you with a +3 flail!
You die...
Your body crumbles into a pile of gold.

#############################
................@...........#
#######........#.z..........#####
#######........#............#...<
##.............#............#.###
...............'............'.###
...............#............#)...
...........)...#.................
...............#..[..........#.#.
......(........####....###'#.....


You could see a wight.

Vanquished Creatures
  A sky beast (D:5)
  A big kobold (Sewer)
  2 wights (D:5)
  4 orc priests
  An orc wizard (D:3)
  2 iguanas
  A worker ant (D:4)
  A hound skeleton (D:4)
  3 gnolls
  5 adders
  A river rat (Sewer)
  A shadow imp (D:5)
  A white imp (D:5)
  2 oozes (D:2)
  2 worms
  3 dart slugs
  6 leopard geckos
  12 orcs
  6 giant cockroaches
  5 goblins
  12 hobgoblins
  2 jackals (Sewer)
  12 kobolds
  2 quokkas
  2 ball pythons
  8 bats
  3 frilled lizards
  9 rats
110 creatures vanquished.

Notes
Turn   | Place    | Note
-------+----------+-------------------------------------------
     0 | D:1      | lunkers the Octopode Fighter began the quest for the Orb.
     0 | D:1      | Reached XP level 1. HP: 16/16 MP: 1/1
   125 | D:1      | Reached XP level 2. HP: 7/21 MP: 2/2
   465 | D:1      | Reached XP level 3. HP: 26/26 MP: 3/3
   855 | D:1      | Reached skill level 3 in Axes
  1686 | D:2      | Reached XP level 4. HP: 22/31 MP: 4/4
  2255 | D:2      | Found an opulent altar of Gozag.
  2256 | D:2      | Found a glowing silver altar of Zin.
  2275 | D:2      | Became a worshipper of Gozag Ym Sagoz the Greedy
  2468 | D:3      | Reached XP level 5. HP: 37/37 MP: 5/5
  2474 | D:3      | Reached skill level 4 in Axes
  2668 | D:3      | Found a glowing drain.
  2681 | Sewer    | Entered a sewer
  2756 | Sewer    | Noticed a big kobold
  2764 | Sewer    | Reached XP level 6. HP: 43/43 MP: 6/6
  2861 | Sewer    | Found a white marble altar of Elyvilon.
  3300 | D:4      | Found Beghamyosm's Antique Weapon Emporium.
  3303 | D:4      | Bought a glowing broad axe for 175 gold pieces
  3471 | D:4      | Reached skill level 5 in Axes
  3510 | D:4      | Reached XP level 7. HP: 49/49 MP: 7/7
  3690 | D:5      | Entered Level 5 of the Dungeon
  3915 | D:5      | Found an iron altar of Okawaru.
  4127 | D:5      | Found a shimmering blue altar of Sif Muna.
  4250 | D:5      | Found a white marble altar of Elyvilon.
  4271 | D:5      | Reached skill level 6 in Axes
  4278 | D:5      | Reached skill level 5 in Fighting
  4278 | D:5      | Reached skill level 5 in Shields
  4285 | D:4      | Slain by a wight

Illustrated notes

Levels and vault maps discovered:
D:1:      ncdulo_wetmaze, layout_basic, minmay_tetromino_o4
D:2:      minmay_door_path, layout_basic, grunt_temple_overflow_gold_and_silver,
          chequers_serial_rivers_micro_d
D:3:      layout_basic, portal_sewer_entry_f, kennysheep_generic_room_10
D:4:      layout_basic, serial_shops, nicolae_shop_behind_doors
D:5:      layout_gridville, okawaru_altar_gauntlet_db,
          nicolae_overflow_crystal_walls, kennysheep_mini_moat,
          minmay_misc_feat_tower, corexii_hall_statues_s

Skill      XL: |  1  2  3  4  5  6  7 |
---------------+----------------------+-----
Axes           | 3 4 5 6 |  6.1
Shields        | 4 5 |  5.0
Fighting       | 4 5 |  5.0
Dodging        | |  3.0

Action                   |  1- 3 |  4- 6 |  7- 9 || total
-------------------------+-------+-------+-------++-------
Melee: War axe           |    62 |    80 |       ||   142
       Constrict         |    18 |    24 |     7 ||    49
       Tentacles         |     8 |    18 |     6 ||    32
       Broad axe         |       |    16 |    36 ||    52
  Use: Scroll            |       |     3 |       ||     3
 Stab: Sleeping          |    11 |    12 |     3 ||    26
Armor: Skin              |     4 |     5 |     1 ||    10
Dodge: Dodged            |    24 |    40 |    18 ||    82
Block: Kite shield       |    27 |    47 |    22 ||    96

Table legend: (Time is in decaauts)
 A = Elapsed time spent in this place.
 B = Non-inter-level travel time spent in this place.
 C = Inter-level travel time spent in this place.
 D = Time resting spent in this place.
 E = Time spent auto-exploring this place.
 F = Levels seen in this place.
 G = Mean time per level.
                   A        B        C        D        E       F      G
               +--------+--------+--------+--------+--------+-----+--------+
         Total |   4365 |   4282 |     83 |     27 |   3505 |   6 |  727.5 |
       Dungeon |   4139 |   4056 |     83 |     27 |   3361 |   5 |  827.8 |
         Sewer |    226 |    226 |      0 |      0 |    144 |   1 |  226.0 |
               +--------+--------+--------+--------+--------+-----+--------+

Top non-repeatable levels by time:
     D:1: 1596 daAuts
     D:2: 887 daAuts
     D:5: 606 daAuts
     D:3: 564 daAuts
     D:4: 485 daAuts
   Sewer: 226 daAuts
